 Dungeon Crawl Stone Soup version 0.30-a0-6-g7c9e10e132 (webtiles) character file.

Game seed: 9671395637382302193

29448 themarg the Spear-Bearer (level 13, -7/98 HPs)
             Began as a Merfolk Summoner on Aug 20, 2022.
             Was the Champion of Jiyva.
             Mangled by a komodo dragon (23 damage)
             ... on level 3 of the Lair of Beasts on Aug 22, 2022.
             The game lasted 01:46:00 (15311 turns).

themarg the Spear-Bearer (Merfolk Summoner)        Turns: 15311, Time: 01:46:01

Health: -7/98      AC:  8    Str:  7    XL:     13   Next: 45%
Magic:  27/27      EV: 19    Int: 19    God:    Jiyva [******]
Gold:   848        SH:  0    Dex: 23    Spells: 21/32 levels left

rFire   . . .      SeeInvis +    q - +4 halberd (vorpal)
rCold   . . .      Faith    .    (shield currently unavailable)
rNeg    . . .      Spirit   .    a - +0 robe
rPois   .          Reflect  .    G - +0 hat {SInv}
rElec   .          Harm     .    (no cloak)
rCorr   +          Rampage  .    H - +0 pair of gloves
Will    +....                    g - +0 pair of boots
Stlth   ++++......               (no amulet)
HPRegen 1.86/turn                j - +4 ring of protection
MPRegen 0.70/turn                A - ring "Pumaly Ereuh" {Will+ Int+3}

@: no status effects
A: (nimble swimmer 2), mertail, horns 1, agile 2, shaggy fur 1, acidic bite,
eyeballs 3, pseudopods 1, jelly sensing items, engulf
a: Renounce Religion, Oozemancy, Slimify


You were on level 3 of the Lair of Beasts.
You worshipped Jiyva.
Jiyva was exalted by your worship.
You visited 3 branches of the dungeon, and saw 15 of its levels.
You also visited: Sewer and Ossuary.

You collected 984 gold pieces.
You spent 136 gold pieces at shops.

Inventory:

Hand Weapons
 o - a +2 dagger of venom
 q - a +4 vorpal halberd (weapon)
 x - a +0 trident
Missiles
 F - 12 poisoned darts
Armour
 a - a +0 robe (worn)
 g - a +0 pair of boots (worn)
 G - a +0 hat of see invisible (worn)
 H - a +0 pair of gloves (worn)
 I - an orb of energy
Jewellery
 j - a +4 ring of protection (left hand)
 s - an amulet of guardian spirit
 A - the ring "Pumaly Ereuh" (right hand) {Will+ Int+3}
   (You found it on level 2 of the Lair of Beasts)

   [ring of willpower]

   Int:       It affects your intelligence (+3).
   Will:      It increases your willpower.
 B - a ring of see invisible
 K - a +4 ring of slaying
Wands
 L - a wand of light (7)
Scrolls
 c - a scroll of brand weapon
 f - 4 scrolls of teleportation
 h - a scroll of amnesia
 m - 2 scrolls of noise {unknown}
 p - a scroll of enchant armour {unknown}
 r - 2 scrolls of fear
 u - 3 scrolls of poison
 y - 3 scrolls of fog
 E - a scroll of vulnerability {unknown}
 N - a scroll of identify
Potions
 b - a potion of magic
 d - 4 potions of flight
 e - a potion of lignification {unknown}
 i - 4 potions of curing
 k - 3 potions of might
 l - 2 potions of cancellation
 n - a potion of berserk rage {unknown}
 t - 2 potions of invisibility
 v - 4 potions of mutation
 w - 3 potions of haste
 z - 5 potions of attraction
 C - a potion of degeneration {unknown}
 D - a potion of brilliance {unknown}
Miscellaneous
 J - a box of beasts
 M - a phantom mirror


   Skills:
 + Level 7.7 Fighting
 + Level 1.6 Short Blades
 + Level 14.2 Polearms
 + Level 0.3 Throwing
 + Level 8.9 Dodging
 + Level 8.1 Stealth
 + Level 10.0 Spellcasting
 + Level 2.0 Hexes
 + Level 11.0 Summonings
 + Level 6.5 Invocations


You had 21 spell levels left.
You knew the following spells:

 Your Spells              Type           Power      Damage    Failure   Level
a - Summon Small Mammal   Summ           100%       N/A       1%          1
b - Call Canine Familiar  Summ           51%        N/A       1%          3
c - Summon Guardian Gole  Hex/Summ       34%        N/A       1%          3
d - Summon Lightning Spi  Summ/Air       30%        N/A       8%          4

Your spell library contained the following spells:

 Spells                   Type           Power      Damage    Failure   Level
 Call Imp                 Summ           51%        N/A       1%          2
 Dazzling Flash           Conj/Hex       26%        N/A       14%         3
 Ozocubu's Armour         Ice            9%         N/A       22%         3
 Cause Fear               Hex            8%         N/A       32%         4
 Corpse Rot               Necr/Pois/Air  9%         N/A       58%         4
 Dispel Undead            Necr           9%         3d8       58%         4
 Iskenderun's Mystic Bla  Conj/Tloc      9%         2d4       58%         4
 Metabolic Englaciation   Hex/Ice        6%         N/A       80%         5
 Fireball                 Conj/Fire      4%         3d4       90%         5
 Death Channel            Necr           4%         N/A       100%        6
 Simulacrum               Ice/Necr       4%         N/A       100%        6
 Starburst                Conj/Fire      4%         6d4       100%        6
 Dragon Form              Tmut           4%         N/A       100%        7
 Ignition                 Fire           4%         3d4       100%        8
 Dragon's Call            Summ           25%        N/A       100%        9


Dungeon Overview and Level Annotations

Branches:
Dungeon (10/15)            Temple (0/1) D:5            Lair (3/5) D:10
  Snake (0/4) Lair:2          Orc (2/2) D:10          Sewer (visited)
Ossuary (visited)
  Swamp: Lair:2-3    Shoals: Lair:2-3       Elf: Orc:2

Altars:
Fedhas
Hepliaklqana
Kikubaaqudgha
Nemelex Xobeh
Qazlal
Wu Jian
Yredelemnul
The Shining One

Shops:
Orc:1 *

Annotations:
D:5 1 runed translucent door, Jeffwins's ghost, novice HuWn
D:7 Joseph
Orc:1 1 runed translucent door, siradein's ghost, journeyman HOFi


Innate Abilities, Weirdness & Mutations

((You are very nimble when in or above water. (Stealth+, EV+, Speed+++)))
Your lower body shifts to a powerful aquatic tail in water.
You have a pair of small horns on your head.
You are very agile. (Dex +8, Str/Int -2)
You are covered in fur. (AC +1)
You have acidic saliva.
Your body is covered in eyes which may confuse attackers. (Acc +7, SInv)
Armour fits poorly on your pseudopods.
You have a small jelly attached to you that senses nearby items.
Your melee attacks may engulf your foes in ooze.


Message History

You shudder from the blow and a jelly pops out!
The water moccasin hisses angrily.
You puncture the elephant!
You kill the elephant!
Your wolf bites the elephant.
A water moccasin comes into view.
The komodo dragon barely misses you.
Your wolf bites the elephant but does no damage.
You closely miss the komodo dragon. Your headbutt misses the komodo dragon.
You bite the komodo dragon, but do no damage.
You bludgeon the komodo dragon, but do no damage.
The komodo dragon completely misses you.
Your quicksilver ooze completely misses the komodo dragon.
Your quicksilver ooze hits the komodo dragon but does no damage.
Your wolf bites the elephant!
Your quicksilver ooze hits the komodo dragon!!
Your quicksilver ooze engulfs the komodo dragon!
Your quicksilver ooze hits the komodo dragon but does no damage.
Your quicksilver ooze hits the komodo dragon.
Your quicksilver ooze hits the komodo dragon!
Your wolf bites the elephant!
The elephant tramples your wolf.
Your wolf stumbles backwards!
The elephant tramples you but does no damage.
The elephant barely misses you.
The komodo dragon is no longer engulfed.
You open the door.
Your wolf bites the elephant.
Your quicksilver ooze hits the komodo dragon.
Your quicksilver ooze engulfs the komodo dragon!
Your quicksilver ooze hits the komodo dragon.
The water moccasin misses you.
Your wolf bites the elephant but does no damage.
The elephant tramples you but does no damage.
The eyeballs on your body gaze at the elephant.
The elephant closely misses you.
The eyeballs on your body gaze at the elephant.
The komodo dragon bites you!!
* * * LOW HITPOINT WARNING * * *
The komodo dragon attacks as you move away!
The komodo dragon bites you!!
You die...

.............P#..P.##..
PP.#..##.......#.### .
##..###......###..##
.............# .....
#............# #....
.............# #.#
#####.#......###.#### ~~
.# #Y.##......#P'#..#.~≈
..............hY@$....~≈
.............†.YlS...~~≈
..............†.J....~≈≈
................S.88~~≈≈
........................
........................
#.♣.#$........88~≈≈~
♣♣♣♣..........~≈≈~
♣♣♣.......~~≈≈~


You could see 2 elephants, a komodo dragon (engulfed, ally target), 2 water
moccasins, a friendly quicksilver ooze (summoned) and a friendly wolf
(summoned).

Vanquished Creatures
  2 hydras (Lair:2)
  Harold (Orc:1)
  A catoblepas (Lair:2)
  Erica (Lair:1)
  2 death yaks (Lair:2)
  A black mamba (Lair:2)
  10 elephants
  3 komodo dragons
  6 cane toads
  Psyche (D:10)
  An orange demon (D:8)
  A rime drake (Lair:1)
  3 trolls
  A hornet (D:8)
  4 blink frogs (Lair:2)
  A dream sheep (Lair:2)
  5 yaks
  A warg (Orc:2)
  A hornet zombie (Ossuary)
  4 water moccasins
  2 orc warriors (Orc:2)
  2 sky beasts
  2 ice beasts
  2 black bears
  The ghost of Setbun the Chopper, an amateur HOFi (D:3)
  2 ogres
  2 centaurs
  11 wolves
  A kobold brigand (D:10)
  4 bullfrogs
  2 necrophages
  3 wights
  4 bullfrog zombies (Ossuary)
  A jelly (Sewer)
  A centaur zombie (Ossuary)
  A hound (D:6)
  2 orc priests
  A gnoll bouda (D:6)
  A hell rat (Lair:2)
  3 iguanas
  5 orc wizards
  11 mummies
  4 gnolls
  6 adders
  A shadow imp (D:6)
  2 white imps (D:6)
  A dart slug (D:1)
  21 orcs
  5 endoplasms
  4 giant cockroaches
  3 goblins
  6 jackals
  6 kobolds
  2 quokkas
  2 bats (D:1)
  6 frilled lizards
  A goblin zombie (D:5)
  A kobold zombie (D:5)
  A rat (Sewer)
186 creatures vanquished.

Vanquished Creatures (collateral kills)
  Gastronok (D:10)
  A hydra (Lair:1)
  A boulder beetle (Lair:2)
  A two-headed ogre (D:10)
  Urug (D:10)
  A torpor snail (Lair:2)
  An elephant (Lair:2)
  2 cane toads
  2 komodo dragons (Lair:2)
  A hornet (D:9)
  5 blink frogs (Lair:2)
  A dream sheep (Lair:1)
  4 wyverns
  A basilisk (Lair:2)
  6 yaks
  Menkaure (D:7)
  4 water moccasins
  2 orc warriors
  2 black bears
  3 wolves
  2 centaurs
  A kobold brigand (D:8)
  4 bullfrogs
  A gnoll sergeant (D:8)
  4 water moccasin zombies (Ossuary)
  5 wights
  A howler monkey (D:6)
  2 centaur zombies (Ossuary)
  5 bullfrog zombies (Ossuary)
  2 jellies (Sewer)
  6 mummies (Ossuary)
  4 orc priests (D:10)
  4 orc wizards
  2 iguanas
  4 killer bee zombies (Ossuary)
  A howler monkey zombie (Ossuary)
  6 gnolls
  2 river rats (Sewer)
  An adder (D:3)
  A shadow imp (D:5)
  A worm (D:3)
  28 orcs
  4 ball pythons
  A bat (D:1)
  5 endoplasms
  5 giant cockroaches
  2 goblins
  2 hobgoblins
  2 jackals
  8 kobolds
  A quokka (D:3)
  A frilled lizard (D:3)
  2 rats (D:3)
  A plant (Lair:2)
162 creatures vanquished.

Vanquished Creatures (others)
  A two-headed ogre (D:9)
  Amaemon (D:8)
  A wyvern (D:10)
  A yak (D:9)
  A basilisk (D:10)
  A water moccasin (Lair:1)
  Duvessa (D:7)
  An orc warrior (D:7)
  A black bear (D:10)
  A centaur (D:10)
  An ogre (D:5)
  A phantom (D:6)
  A kobold brigand (D:6)
  A bullfrog (Lair:1)
  4 wights (D:7)
  Dowan (D:7)
  A bullfrog zombie (Ossuary)
  3 orc priests
  3 hounds
  32 jellies
  3 iguanas
  An orc wizard (D:5)
  6 gnolls
  An adder (D:6)
  7 orcs
  A hobgoblin (D:4)
  4 kobolds
  A ball python (D:4)
  15 fungi
  57 plants
  A withered plant (D:10)
155 creatures vanquished.

Grand Total: 503 creatures vanquished

Notes
Turn   | Place    | Note
-------+----------+-------------------------------------------
     0 | D:1      | themarg the Merfolk Summoner began the quest for the Orb.
     0 | D:1      | Reached XP level 1. HP: 13/13 MP: 3/3
   420 | D:1      | Reached XP level 2. HP: 10/20 MP: 3/5
   636 | D:1      | Found a faded altar of an unknown god.
  1326 | D:2      | Reached XP level 3. HP: 16/25 MP: 6/6
  1486 | D:2      | Found a sparkling altar of Nemelex Xobeh.
  2044 | D:2      | Learned a level 3 spell: Call Canine Familiar
  2088 | D:3      | Found a runed translucent door.
  2103 | D:2      | HP: 1/25 [jackal (1)]
  2414 | D:3      | Reached XP level 4. HP: 19/31 MP: 4/8
  2419 | D:3      | Reached skill level 1 in Fighting
  2419 | D:3      | Reached skill level 1 in Short Blades
  2695 | D:3      | Found a glowing drain.
  2699 | Sewer    | Entered a sewer
  2868 | Sewer    | Reached XP level 5. HP: 16/37 MP: 9/9
  3112 | Sewer    | Reached skill level 1 in Polearms
  3152 | Sewer    | Found a viscous altar of Jiyva.
  3442 | Sewer    | Reached skill level 2 in Polearms
  3452 | Sewer    | Reached XP level 6. HP: 8/44 MP: 10/10
  3833 | Sewer    | Became a worshipper of Jiyva Juufopn the Shapeless
  3891 | D:3      | Found a stormy altar of Qazlal.
  3894 | D:3      | Noticed a fire elemental
  3917 | D:3      | Noticed an air elemental
  3917 | D:3      | Noticed a water elemental
  4128 | D:3      | Noticed Setbun's ghost (amateur HOFi)
  4311 | D:3      | Found a hazy altar of Hepliaklqana.
  4484 | D:4      | Reached * piety under Jiyva
  5037 | D:4      | Reached ** piety under Jiyva
  5115 | D:5      | Entered Level 5 of the Dungeon
  5115 | D:5      | Noticed a black bear
  5129 | D:5      | Killed a black bear
  5130 | D:5      | Reached skill level 3 in Polearms
  5130 | D:5      | Reached skill level 5 in Summonings
  5230 | D:5      | Reached XP level 7. HP: 46/50 MP: 10/12
  5241 | D:5      | Found a runed translucent door.
  5241 | D:5      | Noticed Jeffwins's ghost (novice HuWn)
  5260 | D:5      | Found a glowing golden altar of the Shining One.
  5375 | D:5      | Reached *** piety under Jiyva
  5442 | D:5      | Found a sand-covered staircase.
  5453 | Ossuary  | Entered an ossuary
  5498 | Ossuary  | Reached skill level 4 in Polearms
  5585 | Ossuary  | Reached skill level 5 in Polearms
  5595 | Ossuary  | Reached XP level 8. HP: 57/57 MP: 14/14
  5656 | Ossuary  | Reached skill level 6 in Polearms
  5735 | Ossuary  | Reached skill level 5 in Dodging
  5784 | Ossuary  | Reached skill level 7 in Polearms
  5802 | Ossuary  | Learned a level 3 spell: Summon Guardian Golem
  6103 | D:5      | Found a staircase to the Ecumenical Temple.
  6352 | D:6      | Reached skill level 8 in Polearms
  6381 | D:6      | Found a basalt altar of Yredelemnul.
  6397 | D:6      | Reached XP level 9. HP: 64/64 MP: 5/16
  6639 | D:6      | Gained mutation: You have hidden genetic potential.
                  | [Jiyva's grace]
  6639 | D:6      | Gained mutation: You have great hidden genetic potential.
                  | [Jiyva's grace]
  6639 | D:6      | Gained mutation: Your body has grown eyes which may confuse
                  | attackers. (Acc +3) [Jiyva's grace]
  6639 | D:6      | Gained mutation: Your body has grown many eyes which may
                  | confuse attackers. (Acc +5) [Jiyva's grace]
  6831 | D:7      | Reached **** piety under Jiyva
  6858 | D:7      | Reached skill level 5 in Spellcasting
  6937 | D:7      | Noticed Duvessa
  6940 | D:7      | Noticed Dowan
  6942 | D:7      | Killed Dowan
  6942 | D:7      | Killed Duvessa
  7071 | D:7      | Noticed Menkaure
  7079 | D:7      | Killed Menkaure
  7262 | D:7      | Noticed Joseph
  7415 | D:7      | Reached skill level 9 in Polearms
  7434 | D:7      | Found an ornate altar of the Wu Jian Council.
  7542 | D:7      | Reached ***** piety under Jiyva
  7754 | D:8      | Noticed a hornet
  7939 | D:8      | Noticed an orange demon
  7955 | D:8      | Killed an orange demon
  7956 | D:8      | Reached skill level 5 in Stealth
  8064 | D:8      | Noticed Amaemon
  8081 | D:8      | Killed Amaemon
  8082 | D:8      | Reached XP level 10. HP: 73/73 MP: 17/19
  8105 | D:8      | Gained mutation: You are covered in fur. (AC +1) [hidden
                  | potential]
  8154 | D:8      | Paralysed by a hornet for 1 turns
  8159 | D:8      | Paralysed by a hornet for 3 turns
  8166 | D:8      | Paralysed by a hornet for 1 turns
  8170 | D:8      | Reached skill level 5 in Fighting
  8400 | D:8      | Identified the +7 short sword "Bung" {flame, Fly rPois
                  | Str-5 Int+3}
  8458 | D:8      | Reached skill level 1 in Hexes
  8538 | D:8      | Lost mutation: Your body has grown many eyes which may
                  | confuse attackers. (Acc +5) [Jiyva's grace]
  8538 | D:8      | Lost mutation: You have great hidden genetic potential.
                  | [Jiyva's grace]
  8538 | D:8      | Gained mutation: Your body has grown many eyes which may
                  | confuse attackers. (Acc +5) [Jiyva's grace]
  8538 | D:8      | Gained mutation: Your body is covered in eyes which may
                  | confuse attackers. (Acc +7, SInv) [Jiyva's grace]
  8538 | D:8      | Gained mutation: You have great hidden genetic potential.
                  | [Jiyva's grace]
  8538 | D:8      | Gained mutation: You have a pair of small horns on your
                  | head. [Jiyva's grace]
  8777 | D:8      | Found a sparkling altar of Nemelex Xobeh.
  9158 | D:9      | Reached skill level 10 in Polearms
  9367 | D:9      | Noticed a two-headed ogre
  9378 | D:9      | Killed a two-headed ogre
  9653 | D:9      | Reached ****** piety under Jiyva
  9949 | D:10     | Entered Level 10 of the Dungeon
  9949 | D:10     | Noticed Urug
  9949 | D:10     | Found a flagged portal.
  9999 | D:9      | Learned a level 4 spell: Summon Lightning Spire
 10467 | D:3      | Killed Setbun's ghost
 10734 | D:10     | Noticed Gastronok
 10784 | D:10     | Noticed a two-headed ogre
 10802 | D:10     | Killed a two-headed ogre
 10803 | D:10     | Reached skill level 1 in Invocations
 10803 | D:10     | Reached XP level 11. HP: 74/80 MP: 20/22
 10852 | D:10     | Gained mutation: Your system is resistant to poisons.
                  | (rPois) [hidden potential]
 10852 | D:10     | Lost mutation: You have great hidden genetic potential.
                  | [hidden potential expressed]
 10856 | D:10     | Reached skill level 11 in Polearms
 10862 | D:10     | Found a staircase to the Lair.
 10868 | D:10     | Killed Urug
 11052 | D:10     | Killed Gastronok
 11146 | D:10     | Found a staircase to the Orcish Mines.
 11288 | D:10     | Noticed Psyche
 11300 | D:10     | Found a blossoming altar of Fedhas.
 11327 | D:10     | Killed Psyche
 11433 | D:10     | Found an ancient bone altar of Kikubaaqudgha.
 11465 | D:10     | Lost mutation: You have hidden genetic potential. [Jiyva's
                  | grace]
 11465 | D:10     | Gained mutation: You are resistant to electric shocks.
                  | (rElec) [Jiyva's grace]
 11465 | D:10     | Gained mutation: Your melee attacks may engulf your foes in
                  | ooze. [Jiyva's grace]
 11465 | D:10     | Gained mutation: You have acidic saliva. [Jiyva's grace]
 11465 | D:10     | Gained mutation: Armour fits poorly on your pseudopods.
                  | [Jiyva's grace]
 11668 | D:10     | Upgraded the game from 0.30-a0-4-ga7cffc901d to
                  | 0.30-a0-6-g7c9e10e132
 11684 | Orc:1    | Entered Level 1 of the Orcish Mines
 11844 | Orc:1    | Found Paimebenk's General Store.
 11883 | Orc:1    | Noticed Harold
 12038 | Orc:1    | Killed Harold
 12239 | Orc:1    | Bought a scroll of fog for 68 gold pieces
 12239 | Orc:1    | Bought a scroll of fear for 68 gold pieces
 12252 | Orc:1    | Found a runed translucent door.
 12265 | Orc:1    | Noticed siradein's ghost (journeyman HOFi)
 12342 | Orc:2    | Entered Level 2 of the Orcish Mines
 12423 | Orc:2    | Reached skill level 12 in Polearms
 12458 | Orc:2    | Noticed an orc warlord
 12501 | Lair:1   | Entered Level 1 of the Lair of Beasts
 12581 | Lair:1   | Reached XP level 12. HP: 74/89 MP: 24/24
 12671 | Lair:1   | Noticed Erica
 12711 | Lair:1   | Killed Erica
 12712 | Lair:1   | Reached skill level 5 in Invocations
 13024 | Lair:1   | You fall into a shaft and drop 1 floor!
 13024 | Lair:2   | Noticed a boulder beetle
 13036 | Lair:2   | Noticed a death yak
 13044 | Lair:2   | Noticed an eight-headed hydra
 13515 | Lair:2   | Lost mutation: Your system is resistant to poisons. (rPois)
                  | [Jiyva's grace]
 13515 | Lair:2   | Lost mutation: You are resistant to electric shocks.
                  | (rElec) [Jiyva's grace]
 13515 | Lair:2   | Lost mutation: You have acidic saliva. [Jiyva's grace]
 13515 | Lair:2   | Gained mutation: You are agile. (Dex +4, Str/Int -1)
                  | [Jiyva's grace]
 13515 | Lair:2   | Gained mutation: You are very agile. (Dex +8, Str/Int -2)
                  | [Jiyva's grace]
 13515 | Lair:2   | Gained mutation: You have a small jelly attached to you
                  | that senses nearby items. [Jiyva's grace]
 13515 | Lair:2   | Gained mutation: You have acidic saliva. [Jiyva's grace]
 13619 | Lair:2   | Reached skill level 13 in Polearms
 13763 | Lair:2   | Found a staircase to the Snake Pit.
 14166 | Lair:1   | Killed an eight-headed hydra
 14167 | Lair:1   | Reached skill level 10 in Summonings
 14310 | Lair:2   | Killed a boulder beetle
 14448 | Lair:2   | Noticed a five-headed hydra
 14486 | Lair:2   | Noticed a death yak
 14532 | Lair:2   | Killed a death yak
 14536 | Lair:2   | Killed a seven-headed hydra
 14537 | Lair:2   | Reached XP level 13. HP: 74/96 MP: 22/26
 14756 | Lair:2   | Identified the ring "Pumaly Ereuh" {Will+ Int+3}
 14906 | Lair:2   | Reached skill level 10 in Spellcasting
 14964 | Lair:2   | Reached skill level 14 in Polearms
 15311 | Lair:3   | Mangled by a komodo dragon

Illustrated notes

Levels and vault maps discovered:
D:1:      doesnt_arrival_eight_statues, layout_loops_ring,
          shapermc_ecumenical_altar_mp_vishouse
D:2:      layout_rooms, basic_altar
D:3:      layout_rooms, nicolae_qazlal_style_of_elements,
          nzn_hepliaklqana_mist_gate, gup_sewer_entry_bowl,
          ebering_ghost_sewer_d
D:4:      layout_basic
D:5:      layout_cave_pools, amcnicky_altar_gilded, minmay_temple_entry_trees,
          ebering_ghost_inner_flame, nicolae_ossuary_entry_giza,
          dk_noncrumbling_4
D:6:      layout_basic, lemuel_crystal_altar, item_on_display_a
D:7:      layout_basic, lemuel_doored_altar, st_stairs_1, uniq_duvessa,
          uniq_joseph, uniq_menkaure
D:8:      layout_layer_cave, nemelex_spade_bored_becter, minmay_checkerbox,
          uniq_amaemon
D:9:      layout_stronghold
D:10:     layout_cave_pools, grunt_temple_overflow_growth_and_decay,
          minmay_lair_entry_grove, hiddenorc2_lemuel, enter_bailey_8,
          uniq_psyche, uniq_gastronok, uniq_urug
Lair:1:   layout_chaotic_city, grunt_megastairs_4, uniq_erica
Lair:2:   nzn_winding_woodlands_large [nzn_winding_woodlands_5x5_default,
          nzn_winding_woodlands_5x15_lazy_stream,
          nzn_winding_woodlands_5x5_closed_star,
          nzn_winding_woodlands_center_garden,
          nzn_winding_woodlands_15x15_thick_spiral,
          nzn_winding_woodlands_center_triple_pond,
          nzn_winding_woodlands_5x5_perimeter,
          nzn_winding_woodlands_5x15_sawtooth, nzn_winding_woodlands_hourglass],
          layout_hall_layers
Lair:3:   wander_river, layout_regular_city, palyth_hydra_swamp_entry,
          serial_bayou_shore_b
Orc:1:    layout_caves, ebering_ghost_reflecting_pool, serial_shops,
          nicolae_shop_trees, uniq_harold
Orc:2:    grunt_orc_community_town_hall, layout_caves,
          grunt_orc_community_big_house_2, grunt_orc_community_big_house_1,
          grunt_orc_community_house_3, grunt_orc_community_house_2,
          grunt_orc_community_house_2, grunt_orc_community_house_1

Skill      XL: |  1  2  3  4  5  6  7  8  9 10 11 12 13 |
---------------+----------------------------------------+-----
Fighting       | 1 2 3 4 5 6 7 |  7.7
Short Blades   | 1 |  1.6
Dodging        | 3 4 5 6 7 8 |  8.9
Spellcasting   | 3 4 6 7 8 9 10 | 10.0
Polearms       | 2 3 5 8 9 10 12 13 14 | 14.2
Stealth        | 3 4 5 6 7 8 |  8.1
Summonings     | 5 7 8 9 10 11 | 11.0
Hexes          | 1 2 |  2.0
Invocations    | 1 4 6 |  6.5
Throwing       | |  0.3

Action                   |  1- 3 |  4- 6 |  7- 9 | 10-12 | 13-15 || total
-------------------------+-------+-------+-------+-------+-------++-------
Melee: Short sword       |    55 |       |       |       |       ||    55
       Punch             |     2 |       |     7 |     4 |       ||    13
       Dagger            |    22 |    16 |       |       |       ||    38
       Spear             |       |    73 |       |       |       ||    73
       Tailslap          |       |     7 |    19 |       |     1 ||    27
       Trident           |       |    36 |   378 |   134 |       ||   548
       Headbutt          |       |       |       |    58 |    41 ||    99
       Halberd           |       |       |       |   223 |   111 ||   334
       Pseudopods        |       |       |       |    39 |    40 ||    79
       Bite              |       |       |       |    22 |    19 ||    41
       Unarmed           |       |       |       |     4 |       ||     4
Throw: Dart              |       |       |       |       |     2 ||     2
 Cast: Summon Small Mamm |    30 |     3 |     2 |       |       ||    35
       Call Canine Famil |     2 |    15 |    52 |    91 |    17 ||   177
       Summon Guardian G |       |       |     7 |     7 |       ||    14
Invok: Oozemancy         |       |       |       |     3 |       ||     3
       Slimify           |       |       |       |     1 |       ||     1
  Use: Scroll            |       |     6 |     5 |     4 |       ||    15
       Potion            |       |       |     1 |     1 |       ||     2
 Stab: Sleeping          |     1 |     3 |     1 |     1 |       ||     6
       Distracted        |     1 |     1 |    10 |     6 |     2 ||    20
       Confused          |       |       |     1 |    10 |     7 ||    18
Armor: Robe              |    23 |    12 |    35 |    26 |    22 ||   118
Dodge: Dodged            |    60 |    61 |   204 |   205 |    76 ||   606

Table legend: (Time is in decaauts)
 A = Elapsed time spent in this place.
 B = Non-inter-level travel time spent in this place.
 C = Inter-level travel time spent in this place.
 D = Time resting spent in this place.
 E = Time spent auto-exploring this place.
 F = Levels seen in this place.
 G = Mean time per level.
                   A        B        C        D        E       F      G
               +--------+--------+--------+--------+--------+-----+--------+
         Total |  15198 |  14235 |    963 |   3832 |   5596 |  17 |  894.0 |
       Dungeon |  10242 |   9389 |    853 |   2347 |   4602 |  10 | 1024.2 |
          Lair |   2740 |   2656 |     84 |    465 |    771 |   3 |  913.3 |
  Orcish Mines |    556 |    530 |     26 |     41 |    199 |   2 |  278.0 |
         Sewer |   1125 |   1125 |      0 |    899 |     11 |   1 | 1125.0 |
       Ossuary |    533 |    533 |      0 |     80 |     11 |   1 |  533.0 |
               +--------+--------+--------+--------+--------+-----+--------+

Top non-repeatable levels by time:
  Lair:2: 1602 daAuts
     D:8: 1534 daAuts
     D:2: 1441 daAuts
     D:1: 1287 daAuts
    D:10: 1174 daAuts
   Sewer: 1125 daAuts
     D:9: 1063 daAuts
  Lair:1: 1058 daAuts
     D:3: 826 daAuts
     D:4: 812 daAuts
     D:7: 788 daAuts
     D:5: 660 daAuts
     D:6: 653 daAuts
 Ossuary: 533 daAuts
   Orc:1: 454 daAuts
